[Event "9th RTU Rapid 2019"]
[Site "Riga"]
[Date "2019.08.04"]
[Round "1.27"]
[White "Dhyana Patel"]
[Black "Afanasiev, Vadim"]
[Result "1-0"]
[WhiteElo "1900"]
[BlackElo "2241"]
[PlyCount "113"]
[EventDate "2019.08.05"]
[EventType "swiss"]
[EventCountry "LAT"]
[TimeControl "5400+30"]
[BlackClock "0:15:08"]

1. e4 e5 2. Nf3 Nc6 3. Bb5 a6 4. Bxc6 dxc6 5. O-O Qd6 6. Na3 b5 7. Qe2 Ne7 8. c3 c5 9. Rd1 Nc6 10. Nc2 Bg4 11. h3 Bh5 12. d4 Rd8 13. Bg5 Bxf3 14. Qxf3 Be7 15. Be3 cxd4 16. cxd4 O-O 17. d5 Na5 18. Rac1 g6 19. b3 f5 20. Bd2 Nb7 21. Nb4 fxe4 22. Qxe4 Nc5 23. Qe2 Rde8 24. Nc6 Nd7 25. Bb4 Qf6 26. Nxe7+ Rxe7 27. Bxe7 Qxe7 28. Rxc7 Rf7 29. d6 Qf6 30. f3 Kg7 31. Qe4 Qg5 32. Re1 Qd2 33. Rc6 Qxa2 34. Qd5 Qb2 35. Rc7 Kf6 36. f4 Qd4+ 37. Qxd4 exd4 38. Re4 d3 39. Rd4 Ke6 40. g3 g5 41. Kf2 gxf4 42. gxf4 Rf5 43. Ke3 a5 44. Rxd3 Rh5 45. Kf2 a4 46. bxa4 bxa4 47. Kg3 Ra5 48. Rcc3 Ra8 49. Ra3 Nf6 50. Rd4 Nd5 51. d7 Rd8 52. Raxa4 Rxd7 53. Ra6+ Ke7 54. Ra5 Ke6 55. Kf3 h5 56. Ra6+ Kf5 57. Rh6 1-0

[Event "9th RTU Rapid 2019"]
[Site "Riga"]
[Date "2019.08.04"]
[Round "1.28"]
[White "Wedda, Dries"]
[Black "Vernuks, Vjaceslavs"]
[Result "1-0"]
[WhiteElo "2234"]
[BlackElo "1724"]
[PlyCount "41"]
[EventDate "2019.08.05"]
[EventType "swiss"]
[EventCountry "LAT"]
[TimeControl "5400+30"]
[WhiteClock "0:09:22"]
[BlackClock "0:11:56"]

1. d4 Nf6 2. c4 e6 3. Nf3 d5 4. g3 c6 5. Bg2 g6 6. O-O Bg7 7. b3 O-O 8. Ba3 Re8 9. Nc3 Qc7 10. Qc2 a5 11. e4 dxe4 12. Nxe4 Nxe4 13. Qxe4 Nd7 14. Bb2 b6 15. Ne5 Nxe5 16. dxe5 Bb7 17. Rad1 Rad8 18. c5 b5 19. Rd6 Bf8 20. Rfd1 Bxd6 21. exd6 1-0

[Event "9th RTU Rapid 2019"]
[Site "Riga"]
[Date "2019.08.04"]
[Round "1.29"]
[White "Stivrins, Eriks"]
[Black "Vedrickas, Tautvydas"]
[Result "0-1"]
[WhiteElo "1636"]
[BlackElo "2231"]
[PlyCount "42"]
[EventDate "2019.08.05"]
[EventType "swiss"]
[EventCountry "LAT"]
[TimeControl "5400+30"]
[WhiteClock "0:12:22"]
[BlackClock "0:07:14"]

1. c4 Nf6 2. Nc3 g6 3. d4 Bg7 4. e4 O-O 5. f3 d6 6. Be3 a6 7. Bd3 Nc6 8. a3 e5 9. d5 Nd4 10. Nge2 c5 11. O-O h5 12. f4 Ng4 13. Bd2 exf4 14. Bxf4 g5 15. Bd2 h4 16. h3 Ne5 17. Nxd4 cxd4 18. Qh5 f6 19. Be2 dxc3 20. Bxc3 Bd7 21. b4 Be8 0-1

[Event "9th RTU Rapid 2019"]
[Site "Riga"]
[Date "2019.08.04"]
[Round "1.30"]
[White "Chibukhchyan, Erik"]
[Black "Vainermanas, Berelis"]
[Result "1-0"]
[WhiteElo "2231"]
[BlackElo "1575"]
[PlyCount "63"]
[EventDate "2019.08.05"]
[EventType "swiss"]
[EventCountry "LAT"]
[TimeControl "5400+30"]
[WhiteClock "0:07:03"]
[BlackClock "0:07:12"]

1. e4 c5 2. Nf3 g6 3. d4 cxd4 4. Nxd4 Nc6 5. c4 Nf6 6. Nc3 d6 7. Be2 Nxd4 8. Qxd4 Bg7 9. O-O O-O 10. Qd3 Be6 11. Be3 Qa5 12. f3 Rfc8 13. b3 a6 14. a4 Nd7 15. Rfc1 Nc5 16. Qc2 Qc7 17. Rab1 f5 18. Nd5 Bxd5 19. exd5 Nd7 20. f4 Nf6 21. Qd3 Ne4 22. Bf3 Nc5 23. Qd2 Re8 24. a5 e5 25. dxe6 Nxe6 26. Bd5 Kh8 27. b4 Qe7 28. Re1 Rab8 29. Ba7 Ra8 30. Rxe6 Qd7 31. Rxe8+ Qxe8 32. Bd4 1-0

[Event "9th RTU Rapid 2019"]
[Site "Riga"]
[Date "2019.08.04"]
[Round "1.31"]
[White "Neprokin, Georgij"]
[Black "Schulman, Leonid"]
[Result "0-1"]
[WhiteElo "1547"]
[BlackElo "2230"]
[PlyCount "88"]
[EventDate "2019.08.05"]
[EventType "swiss"]
[EventCountry "LAT"]
[TimeControl "5400+30"]
[WhiteClock "0:04:08"]
[BlackClock "0:04:41"]

1. d4 Nf6 2. Nf3 c5 3. d5 d6 4. c4 e5 5. Nc3 g6 6. e4 Bg7 7. Be2 O-O 8. O-O a6 9. a3 Nbd7 10. Bd2 Nh5 11. b4 Nf4 12. Bxf4 exf4 13. Qd2 g5 14. Rac1 b6 15. h3 Ne5 16. Nxe5 Bxe5 17. Na4 Rb8 18. Nb2 Qf6 19. Nd3 Bd4 20. Bf3 Bd7 21. Rfe1 Rbe8 22. bxc5 bxc5 23. Rb1 Bc3 24. Qe2 Bxe1 25. Qxe1 Qd4 26. Nb2 f5 27. Bh5 Rxe4 28. Qa5 Qe5 29. Bf3 Rd4 30. Re1 Qf6 31. Qc7 Re8 32. Rxe8+ Bxe8 33. Qc8 Qe7 34. Bh5 Re4 35. Bf3 Re1+ 36. Kh2 g4 37. Bd1 g3+ 38. fxg3 fxg3+ 39. Kxg3 Qe5+ 40. Kh4 Qf4+ 41. g4 Qh6+ 42. Kg3 Re3+ 43. Bf3 f4+ 44. Kg2 Qh4 0-1

[Event "9th RTU Rapid 2019"]
[Site "Riga"]
[Date "2019.08.04"]
[Round "1.32"]
[White "Bracker, Arne"]
[Black "Osetrov, Dmitrij"]
[Result "1-0"]
[WhiteElo "2227"]
[BlackElo "1794"]
[PlyCount "57"]
[EventDate "2019.08.05"]
[EventType "swiss"]
[EventCountry "LAT"]
[TimeControl "5400+30"]
[WhiteClock "0:00:07"]
[BlackClock "0:03:25"]

1. e4 c5 2. Nf3 Nc6 3. d4 cxd4 4. Nxd4 Nf6 5. Nc3 e5 6. Ndb5 d6 7. Bg5 a6 8. Na3 b5 9. Nd5 Be7 10. Bxf6 Bxf6 11. c4 b4 12. Nc2 a5 13. Qf3 Bg5 14. h4 Bh6 15. g4 Bf4 16. g5 h6 17. Nxf4 exf4 18. e5 Bb7 19. O-O-O hxg5 20. hxg5 Rxh1 21. Qxh1 Qe7 22. exd6 Qf8 23. Qe4+ Kd8 24. Qxf4 a4 25. Nd4 Nxd4 26. Qxd4 Ra6 27. c5 Rc6 28. Qxb4 Bc8 29. Bb5 1-0

[Event "9th RTU Rapid 2019"]
[Site "Riga"]
[Date "2019.08.04"]
[Round "1.33"]
[White "Gubareva, Sofia"]
[Black "Damen, Jip"]
[Result "0-1"]
[WhiteElo "1593"]
[BlackElo "2179"]
[PlyCount "100"]
[EventDate "2019.08.05"]
[EventType "swiss"]
[EventCountry "LAT"]
[TimeControl "5400+30"]
[WhiteClock "0:14:04"]
[BlackClock "0:10:19"]

1. d4 Nf6 2. c4 g6 3. Nc3 Bg7 4. e4 O-O 5. f3 c5 6. d5 e6 7. Be3 d6 8. Qd2 exd5 9. cxd5 a6 10. a4 Nbd7 11. Nge2 h5 12. h4 Ne5 13. Nc1 Re8 14. Bh6 Bh8 15. Bg5 Qc7 16. Be2 Rb8 17. Rf1 Nh7 18. Bf4 f5 19. Qc2 Bf6 20. g3 Bg7 21. Kf2 fxe4 22. Nxe4 Bf5 23. Re1 Bxe4 24. fxe4 Nf6 25. Nd3 Nxe4+ 26. Kg2 Ng4 27. Bxg4 hxg4 28. Nf2 Nxf2 29. Qxf2 Qf7 30. Qd2 Bd4 31. Qc2 Qxd5+ 32. Kh2 Kg7 33. Qd2 Qb3 34. Bxd6 Rbd8 35. Rxe8 Rxe8 36. Re1 Rxe1 37. Qxe1 Qxb2+ 38. Kh1 Qa1 39. Qxa1 Bxa1 40. Bxc5 b5 41. axb5 axb5 42. Bb4 Kf7 43. Kg1 Ke6 44. Kf2 Kd5 45. Ke3 Be5 46. Be1 Bd6 47. Kd3 b4 48. Bf2 Be5 49. Kc2 Ke4 50. Be1 Bc3 0-1

[Event "9th RTU Rapid 2019"]
[Site "Riga"]
[Date "2019.08.04"]
[Round "2.1"]
[White "Svane, Rasmus"]
[Black "Kleinschroth, Roland"]
[Result "1-0"]
[WhiteElo "2612"]
[BlackElo "2092"]
[PlyCount "33"]
[EventDate "2019.08.05"]
[EventType "swiss"]
[EventCountry "LAT"]
[TimeControl "5400+30"]
[WhiteClock "0:07:22"]
[BlackClock "0:11:21"]

1. Nf3 d6 2. d4 f5 3. Nc3 Nf6 4. Bg5 Nbd7 5. Qd3 e6 6. e4 fxe4 7. Nxe4 Be7 8. Nxf6+ Bxf6 9. Qe3 O-O 10. Bc4 Nb6 11. Bxe6+ Bxe6 12. Qxe6+ Kh8 13. Be3 Re8 14. Qb3 a5 15. a4 c6 16. O-O Qd7 17. Qxb6 1-0

[Event "9th RTU Rapid 2019"]
[Site "Riga"]
[Date "2019.08.04"]
[Round "2.2"]
[White "Kopylov, Daniel"]
[Black "Pultinevicius, Paulius"]
[Result "0-1"]
[WhiteElo "2103"]
[BlackElo "2501"]
[PlyCount "124"]
[EventDate "2019.08.05"]
[EventType "swiss"]
[EventCountry "LAT"]
[TimeControl "5400+30"]
[WhiteClock "0:00:29"]
[BlackClock "0:00:07"]

1. e4 e5 2. Nf3 Nc6 3. Nc3 Nf6 4. d4 exd4 5. Nxd4 Bb4 6. Nxc6 bxc6 7. Bd3 O-O 8. O-O Re8 9. Bg5 Rb8 10. f4 h6 11. Bh4 Be7 12. e5 Nd5 13. Bxe7 Qxe7 14. Nxd5 cxd5 15. b3 d6 16. exd6 Qxd6 17. Qf3 Bb7 18. Rae1 Qb6+ 19. Qf2 d4 20. Re5 f6 21. Rb5 Qd6 22. Re1 Qc6 23. Rxe8+ Rxe8 24. h3 Ba6 25. a4 Rd8 26. Qg3 Bxb5 27. axb5 Qe8 28. Qg4 Kf8 29. Qf5 Rd6 30. Kh2 Ke7 31. Qe4+ Kd7 32. Qb7 g6 33. b6 Rxb6 34. Bb5+ Rxb5 35. Qxb5+ Kd8 36. Qb8+ Kd7 37. Qxa7 Qe3 38. Qa4+ Kd8 39. Qa8+ Ke7 40. Qh8 Qxf4+ 41. Kg1 Qc1+ 42. Kh2 Qxc2 43. Qg7+ Ke6 44. Qg8+ Ke5 45. Qe8+ Kf4 46. Qd8 Ke3 47. Qxf6 Qf5 48. Qe7+ Kd3 49. Qxc7 Kd2 50. b4 d3 51. Qc5 Qf4+ 52. Kh1 Ke2 53. Qe7+ Qe3 54. Qd7 d2 55. Qg4+ Ke1 56. Qh4+ Ke2 57. Qg4+ Kd3 58. Qd7+ Kc3 59. Qc6+ Kb2 60. Qf6+ Qc3 61. Qf2 Kb1 62. Qf1+ Qc1 0-1

[Event "9th RTU Rapid 2019"]
[Site "Riga"]
[Date "2019.08.04"]
[Round "2.3"]
[White "Golubovskis, Maksims"]
[Black "Wagner, Dennis"]
[Result "0-1"]
[WhiteElo "2081"]
[BlackElo "2473"]
[PlyCount "109"]
[EventDate "2019.08.05"]
[EventType "swiss"]
[EventCountry "LAT"]
[TimeControl "5400+30"]
[WhiteClock "0:00:20"]
[BlackClock "0:00:14"]

1. e4 e5 2. Nf3 Nc6 3. Bb5 a6 4. Ba4 Nf6 5. O-O Be7 6. Re1 b5 7. Bb3 O-O 8. d3 d6 9. a3 Nb8 10. Nc3 Nbd7 11. Nd5 Nxd5 12. Bxd5 Rb8 13. d4 c5 14. dxe5 dxe5 15. Be3 Qc7 16. Qe2 Nb6 17. Ba2 Bb7 18. Bg5 Na4 19. Bxe7 Qxe7 20. c4 Bc6 21. Bb3 Nb6 22. Rac1 Rfd8 23. Qc2 Nd7 24. Red1 h6 25. cxb5 axb5 26. Bd5 Bxd5 27. Rxd5 c4 28. Rcd1 Nc5 29. Rxe5 Rxd1+ 30. Qxd1 Rd8 31. Rd5 Rxd5 32. Qxd5 Qxe4 33. Qxe4 Nxe4 34. Nd4 c3 35. bxc3 Nxc3 36. Kf1 Kf8 37. Ke1 Ke7 38. Kd2 Nb1+ 39. Kc2 Nxa3+ 40. Kb3 Nc4 41. Nxb5 Ne5 42. f3 Nd3 43. Nd4 Kf6 44. Kc3 Ne1 45. g3 Ke5 46. Ne2 Nxf3 47. h3 Ke4 48. Kc2 Nd4+ 49. Nxd4 Kxd4 50. Kd2 Ke4 51. Ke2 f5 52. Kf2 g5 53. Ke2 g4 54. hxg4 fxg4 55. Kf2 0-1

[Event "9th RTU Rapid 2019"]
[Site "Riga"]
[Date "2019.08.04"]
[Round "2.4"]
[White "Kantans, Toms"]
[Black "Raghavi, N.."]
[Result "1-0"]
[WhiteElo "2471"]
[BlackElo "2068"]
[PlyCount "61"]
[EventDate "2019.08.05"]
[EventType "swiss"]
[EventCountry "LAT"]
[TimeControl "5400+30"]
[WhiteClock "0:00:36"]
[BlackClock "0:10:02"]

1. e4 g6 2. d4 Bg7 3. Nc3 d6 4. f4 Nd7 5. Nf3 e6 6. Be3 Ne7 7. h4 h5 8. Ng5 d5 9. e5 b6 10. g4 c5 11. Be2 cxd4 12. Bxd4 hxg4 13. Bxg4 Nf8 14. Nb5 Nf5 15. Bxf5 gxf5 16. Nd6+ Kd7 17. Ndxf7 Qe7 18. Nxh8 Bxh8 19. Qh5 Bg7 20. O-O-O Ba6 21. Rhg1 Kc7 22. Nf7 Be2 23. Qxe2 Qxf7 24. c4 dxc4 25. Qxc4+ Kb7 26. Kb1 Bh6 27. Rc1 Qd7 28. Be3 Rd8 29. Rc3 Kb8 30. h5 Qb7 31. Rgc1 1-0

[Event "9th RTU Rapid 2019"]
[Site "Riga"]
[Date "2019.08.04"]
[Round "2.5"]
[White "Mitra, Roman C"]
[Black "Vishnu Prasanna. V"]
[Result "0-1"]
[WhiteElo "2109"]
[BlackElo "2465"]
[PlyCount "52"]
[EventDate "2019.08.05"]
[EventType "swiss"]
[EventCountry "LAT"]
[TimeControl "5400+30"]
[WhiteClock "0:07:26"]
[BlackClock "0:04:15"]

1. c4 Nf6 2. g3 g6 3. Bg2 Bg7 4. Nc3 O-O 5. Nf3 d6 6. O-O e5 7. d3 Nc6 8. Rb1 a5 9. a3 Nd4 10. Ne1 c6 11. b4 axb4 12. axb4 d5 13. e3 Ne6 14. cxd5 cxd5 15. e4 dxe4 16. dxe4 Nd4 17. Nd3 Bg4 18. f3 Be6 19. Be3 Bc4 20. Nxe5 Bxf1 21. Bxf1 Ne6 22. f4 Rc8 23. Qb3 Nd4 24. Qb2 Ng4 25. Nxg4 Rxc3 26. Qf2 Rc2 0-1

[Event "9th RTU Rapid 2019"]
[Site "Riga"]
[Date "2019.08.04"]
[Round "2.6"]
[White "Krivonosov, Oleg"]
[Black "Solomka, Nikita"]
[Result "1-0"]
[WhiteElo "2445"]
[BlackElo "1892"]
[PlyCount "141"]
[EventDate "2019.08.05"]
[EventType "swiss"]
[EventCountry "LAT"]
[TimeControl "5400+30"]
[WhiteClock "0:01:03"]
[BlackClock "0:04:51"]

1. Nf3 Nf6 2. c4 e6 3. g3 b6 4. Bg2 Bb7 5. O-O Be7 6. Nc3 O-O 7. d4 d6 8. b3 Nbd7 9. Bb2 a6 10. Qc2 Re8 11. Rad1 Qc8 12. d5 e5 13. e4 a5 14. Bh3 Qd8 15. Nh4 Bf8 16. Nf5 g6 17. Ne3 Bg7 18. a3 Bc8 19. b4 Nf8 20. Bxc8 Qxc8 21. f3 h5 22. Nb5 Qd7 23. Bc3 axb4 24. axb4 Ra6 25. Ra1 Rea8 26. Rxa6 Rxa6 27. Ra1 Rxa1+ 28. Bxa1 N8h7 29. h4 Ne8 30. Bc3 Qh3 31. Qg2 Qc8 32. Kh2 Bh6 33. Bd2 Qa6 34. Nf1 Bg7 35. Be3 Qa4 36. Qd2 Nf8 37. Kg2 Nd7 38. Qb2 f5 39. Nc3 Qa6 40. Qa2 Qxa2+ 41. Nxa2 fxe4 42. fxe4 Ndf6 43. Nc3 Kf7 44. Nh2 Ke7 45. Kf3 Kf7 46. Nb5 Bf8 47. Na7 Ng8 48. Nc6 Be7 49. Nf1 Bf6 50. Nd2 Ne7 51. Nd8+ Kg8 52. Ne6 Kf7 53. Nb1 Nc8 54. Nc3 Na7 55. Nxc7 Nxc7 56. Bxb6 Na6 57. Bxa7 Nxb4 58. Nb5 Ke7 59. Bb8 Na6 60. Bxd6+ Kd7 61. Ba3 Be7 62. Bb2 Bd6 63. Nxd6 Kxd6 64. Ba3+ Kd7 65. c5 Nc7 66. c6+ Kc8 67. Bd6 Nb5 68. Bxe5 Na3 69. d6 Nc4 70. d7+ Kd8 71. Bf6+ 1-0

[Event "9th RTU Rapid 2019"]
[Site "Riga"]
[Date "2019.08.04"]
[Round "2.7"]
[White "Grineva, Marianna"]
[Black "Saduakassova, Dinara"]
[Result "0-1"]
[WhiteElo "2035"]
[BlackElo "2437"]
[PlyCount "76"]
[EventDate "2019.08.05"]
[EventType "swiss"]
[EventCountry "LAT"]
[TimeControl "5400+30"]
[WhiteClock "0:03:39"]
[BlackClock "0:00:11"]

1. e4 c5 2. Nf3 e6 3. d4 cxd4 4. Nxd4 Nc6 5. Nc3 Qc7 6. Be3 a6 7. Qd2 Be7 8. O-O-O Nf6 9. f3 b5 10. Nxc6 dxc6 11. Qf2 c5 12. Qg3 Qxg3 13. hxg3 Bb7 14. g4 Nd7 15. Bf4 O-O-O 16. a4 b4 17. Nb1 h6 18. Nd2 Nb6 19. b3 Bg5 20. Bxg5 hxg5 21. Bd3 a5 22. Rh5 Rxh5 23. gxh5 Kc7 24. Rh1 Rh8 25. Kd1 Kd6 26. Ke2 Ke5 27. Ke3 f5 28. Rh3 f4+ 29. Ke2 Kd4 30. Bc4 Nxc4 31. Nxc4 Ba6 32. Rh1 Bxc4+ 33. bxc4 Kc3 34. Rd1 Kxc2 35. Rd6 b3 36. Rd2+ Kc3 37. Kd1 b2 38. Rc2+ Kb3 0-1

[Event "9th RTU Rapid 2019"]
[Site "Riga"]
[Date "2019.08.04"]
[Round "2.8"]
[White "Omelja, Artem"]
[Black "Visockis, Janis"]
[Result "1-0"]
[WhiteElo "2436"]
[BlackElo "2038"]
[PlyCount "111"]
[EventDate "2019.08.05"]
[EventType "swiss"]
[EventCountry "LAT"]
[TimeControl "5400+30"]
[WhiteClock "0:02:12"]
[BlackClock "0:05:48"]

1. d4 d5 2. c4 c6 3. e3 e6 4. b3 f5 5. Bd3 Nf6 6. Nf3 Bd6 7. O-O Qe7 8. Bb2 O-O 9. Nc3 Bd7 10. Ne2 Be8 11. Ne5 Bh5 12. f3 Nbd7 13. Nf4 Bf7 14. h4 Rad8 15. Qe1 Bb8 16. Qg3 Nxe5 17. dxe5 Nh5 18. Nxh5 Bxh5 19. Rad1 Bc7 20. cxd5 exd5 21. Rd2 Bb6 22. f4 Bg4 23. Be2 h5 24. Bxg4 hxg4 25. Qf2 Rd7 26. g3 Rfd8 27. Rfd1 g6 28. Kf1 Kf7 29. Qe2 Qb4 30. Bd4 Ke6 31. Qd3 Bxd4 32. exd4 a6 33. Rc1 Qb5 34. Ke2 Ra8 35. Rc5 Qxd3+ 36. Kxd3 a5 37. a4 Ra6 38. Kc3 Rc7 39. Kb2 Rc8 40. Ka3 Kd7 41. Rc1 Rb6 42. Rc5 Ra8 43. Rh2 Rb4 44. Rxa5 Rxb3+ 45. Kxb3 Rxa5 46. h5 gxh5 47. Rxh5 b5 48. axb5 Rxb5+ 49. Kc3 Ra5 50. Rxf5 Ra3+ 51. Kd2 Rxg3 52. Rf7+ Ke8 53. Rg7 Kf8 54. Rg5 Rg1 55. f5 g3 56. f6 1-0

[Event "9th RTU Rapid 2019"]
[Site "Riga"]
[Date "2019.08.04"]
[Round "2.9"]
[White "Vedrickiene, Jovita"]
[Black "Bulmaga, Irina"]
[Result "0-1"]
[WhiteElo "2036"]
[BlackElo "2434"]
[PlyCount "72"]
[EventDate "2019.08.05"]
[EventType "swiss"]
[EventCountry "LAT"]
[TimeControl "5400+30"]
[WhiteClock "0:06:19"]
[BlackClock "0:00:08"]

1. e4 c5 2. d3 Nc6 3. g3 e6 4. Bg2 Nf6 5. Nf3 d5 6. Nbd2 Be7 7. O-O Qc7 8. Re1 b6 9. Nf1 dxe4 10. dxe4 Bb7 11. Bf4 e5 12. Bd2 O-O 13. Nh4 Rfd8 14. c3 Na5 15. Qe2 c4 16. Kh1 Nd7 17. Nf5 Bf8 18. Bg5 f6 19. Be3 Nc5 20. Qg4 Nd3 21. Re2 Kh8 22. h4 Bc8 23. h5 Nb7 24. Qh4 Qf7 25. g4 h6 26. N1g3 Nbc5 27. Rg1 Bb7 28. Rd2 Ne6 29. Ne2 Ng5 30. Bxg5 hxg5 31. Qg3 Nxf2+ 32. Qxf2 Rxd2 33. Bf3 Bc5 34. Qh2 Bxg1 35. Kxg1 Rad8 36. h6 g6 0-1

[Event "9th RTU Rapid 2019"]
[Site "Riga"]
[Date "2019.08.04"]
[Round "2.10"]
[White "Gagare, Shardul"]
[Black "Zhukov, Anton"]
[Result "1-0"]
[WhiteElo "2430"]
[BlackElo "2087"]
[PlyCount "81"]
[EventDate "2019.08.05"]
[EventType "swiss"]
[EventCountry "LAT"]
[TimeControl "5400+30"]
[WhiteClock "0:01:27"]
[BlackClock "0:03:21"]

1. Nf3 Nf6 2. g3 g6 3. Bg2 Bg7 4. O-O O-O 5. c4 d6 6. Nc3 e5 7. d3 Nc6 8. Rb1 a5 9. a3 h6 10. b4 axb4 11. axb4 Be6 12. b5 Ne7 13. Bb2 Nd7 14. Ra1 c6 15. Rxa8 Qxa8 16. Qc2 d5 17. Ra1 Qd8 18. Nd2 e4 19. dxe4 dxc4 20. bxc6 Nxc6 21. Nd5 Nd4 22. Bxd4 Bxd4 23. Rb1 Ne5 24. e3 Bc5 25. Nxc4 Nxc4 26. Qxc4 b6 27. Rd1 Bxd5 28. Rxd5 Qe7 29. Qd3 Re8 30. h4 h5 31. e5 Qe6 32. Kh2 Bf8 33. Bh3 Qe7 34. Qc4 Rd8 35. Rd4 Rxd4 36. exd4 Qb4 37. Qd5 Be7 38. Bf1 Kg7 39. Bc4 b5 40. Qxf7+ Kh6 41. Bd3 1-0

[Event "9th RTU Rapid 2019"]
[Site "Riga"]
[Date "2019.08.04"]
[Round "2.11"]
[White "Lagerborg, Krister"]
[Black "Kopylov, Michael"]
[Result "0-1"]
[WhiteElo "2129"]
[BlackElo "2414"]
[PlyCount "90"]
[EventDate "2019.08.05"]
[EventType "swiss"]
[EventCountry "LAT"]
[TimeControl "5400+30"]
[WhiteClock "0:03:53"]
[BlackClock "0:00:16"]

1. e4 d5 2. exd5 Qxd5 3. Nf3 Bg4 4. Be2 Nc6 5. d4 O-O-O 6. Be3 e5 7. c4 Qa5+ 8. Bd2 Bb4 9. d5 Bxf3 10. Bxf3 Nd4 11. Nc3 Qa6 12. Be2 Nf6 13. a3 Rhe8 14. axb4 Qxa1 15. Qxa1 Nc2+ 16. Kf1 Nxa1 17. Bd1 c6 18. Bg5 b5 19. Bxf6 gxf6 20. dxc6 bxc4 21. Bg4+ Kc7 22. Bd7 Rxd7 23. cxd7 Kxd7 24. Ke2 Nc2 25. Rd1+ Nd4+ 26. Ke3 Rb8 27. Ne2 Rxb4 28. Nxd4 exd4+ 29. Rxd4+ Kc6 30. Rf4 Kd5 31. Rxf6 Rb3+ 32. Kd2 Rxb2+ 33. Kc1 Rb7 34. Kc2 Ke5 35. Rc6 Kd4 36. Rd6+ Kc5 37. Rf6 Kb4 38. g4 Re7 39. Rf3 a5 40. g5 a4 41. Rf6 Re2+ 42. Kd1 Rb2 43. Rxf7 a3 44. Rb7+ Kc3 45. Ra7 a2 0-1

[Event "9th RTU Rapid 2019"]
[Site "Riga"]
[Date "2019.08.04"]
[Round "2.12"]
[White "Korchmar, Vasiliy"]
[Black "Brikers, Aleksandrs"]
[Result "1-0"]
[WhiteElo "2413"]
[BlackElo "2011"]
[PlyCount "65"]
[EventDate "2019.08.05"]
[EventType "swiss"]
[EventCountry "LAT"]
[TimeControl "5400+30"]
[WhiteClock "0:00:07"]
[BlackClock "0:01:57"]

1. d4 d5 2. Nf3 Nf6 3. Bf4 c5 4. e3 Nc6 5. Nbd2 e6 6. c3 Bd6 7. Bg3 O-O 8. Bd3 Re8 9. Ne5 Ne7 10. O-O Nf5 11. Bxf5 exf5 12. Nd3 cxd4 13. cxd4 Ne4 14. Bxd6 Qxd6 15. Nf3 Bd7 16. Qb3 Bc6 17. Rac1 Rac8 18. Rc2 b6 19. Rfc1 Bb7 20. Qa4 Qb8 21. Nfe5 f6 22. Nc6 Bxc6 23. Rxc6 Nd6 24. Nf4 b5 25. Qa6 Rxc6 26. Rxc6 Rc8 27. Nxd5 Rxc6 28. Qxc6 Nc4 29. b3 Nd2 30. Ne7+ Kh8 31. Nxf5 b4 32. Qc2 Qb5 33. Qc8+ 1-0

[Event "9th RTU Rapid 2019"]
[Site "Riga"]
[Date "2019.08.04"]
[Round "2.13"]
[White "Shashnev, Pavel"]
[Black "Galchenko, Matvey"]
[Result "0-1"]
[WhiteElo "2021"]
[BlackElo "2360"]
[PlyCount "66"]
[EventDate "2019.08.05"]
[EventType "swiss"]
[EventCountry "LAT"]
[TimeControl "5400+30"]
[WhiteClock "0:01:49"]
[BlackClock "0:00:07"]

1. e4 e6 2. d4 d5 3. Nc3 Bb4 4. Bd2 dxe4 5. Nxe4 Qxd4 6. Bd3 Bxd2+ 7. Qxd2 Nc6 8. O-O-O Nge7 9. Nf3 Qb4 10. Qg5 Ng6 11. h4 Qe7 12. Qg3 f5 13. Neg5 O-O 14. h5 Nge5 15. Nxh7 f4 16. Qg5 Qxg5 17. Nhxg5 Nxd3+ 18. cxd3 e5 19. Rde1 Re8 20. d4 Bf5 21. Nxe5 Nxd4 22. Ngf3 Rad8 23. h6 Nc2 24. Reg1 Nb4 25. b3 Rd5 26. h7+ Bxh7 27. Rd1 Rc5+ 28. Kb2 Rc2+ 29. Ka3 c5 30. Ra1 Re6 31. Ka4 Be4 32. Rhd1 Ra6+ 33. Kb5 Bc6+ 0-1

[Event "9th RTU Rapid 2019"]
[Site "Riga"]
[Date "2019.08.04"]
[Round "2.14"]
[White "Suleymenov, Alisher"]
[Black "Sertbay, Huseyin"]
[Result "1-0"]
[WhiteElo "2348"]
[BlackElo "2066"]
[PlyCount "107"]
[EventDate "2019.08.05"]
[EventType "swiss"]
[EventCountry "LAT"]
[TimeControl "5400+30"]
[WhiteClock "0:00:09"]
[BlackClock "0:00:29"]

1. d4 Nf6 2. c4 c5 3. d5 e5 4. Nc3 d6 5. e4 Nbd7 6. Nf3 Be7 7. h3 Nf8 8. Be3 Ng6 9. Be2 O-O 10. O-O h6 11. a3 Nh7 12. b4 b6 13. Rb1 Ng5 14. bxc5 bxc5 15. Rb2 Nxf3+ 16. Bxf3 Bg5 17. Qd2 Bf4 18. Ne2 Qg5 19. Kh1 Bxe3 20. Qxe3 Qxe3 21. fxe3 Ba6 22. Rfb1 Bxc4 23. Nc3 Nh4 24. Rb7 Nxf3 25. gxf3 Ba6 26. R7b2 f5 27. Kg2 fxe4 28. fxe4 Rf6 29. Rb8+ Rxb8 30. Rxb8+ Rf8 31. Rb2 Kh7 32. a4 Kg6 33. Kg3 Bd3 34. Rb7 Rf7 35. Rb8 Kh5 36. Rd8 Rf6 37. Rd7 a6 38. Rxg7 Rg6+ 39. Rxg6 Kxg6 40. Kh4 Bc2 41. a5 Bd3 42. Kg4 Bc2 43. Kf3 Kh5 44. Nb5 c4 45. Nxd6 c3 46. Nc4 Bb3 47. Nxe5 Bc4 48. d6 c2 49. d7 c1=Q 50. d8=Q Qf1+ 51. Kg3 Qg1+ 52. Kf4 Qf2+ 53. Nf3 Bf7 54. Qf6 1-0

[Event "9th RTU Rapid 2019"]
[Site "Riga"]
[Date "2019.08.04"]
[Round "2.15"]
[White "Kolesnikovs, Ivans"]
[Black "Maltsevskaya, Aleksandra"]
[Result "0-1"]
[WhiteElo "2013"]
[BlackElo "2321"]
[PlyCount "120"]
[EventDate "2019.08.05"]
[EventType "swiss"]
[EventCountry "LAT"]
[TimeControl "5400+30"]
[WhiteClock "0:00:27"]
[BlackClock "0:00:57"]

1. e4 c5 2. Nf3 e6 3. d4 cxd4 4. Nxd4 Nc6 5. Be3 Nf6 6. f3 Qb6 7. Nc3 Bc5 8. Na4 Qa5+ 9. c3 Be7 10. Be2 d5 11. O-O Nxd4 12. Qxd4 O-O 13. e5 Nd7 14. Bd1 b5 15. b4 Qc7 16. Nb2 Nxe5 17. Nd3 Nc4 18. Bf4 Bd6 19. Bxd6 Qxd6 20. Bb3 e5 21. Qf2 a5 22. a3 axb4 23. axb4 Bf5 24. Nc5 h6 25. Bxc4 bxc4 26. Ra2 d4 27. Rd2 d3 28. Re1 Ra3 29. Rc1 Rfa8 30. Nb7 Qc7 31. Na5 e4 32. fxe4 Bxe4 33. Qd4 Qf4 34. Rcd1 f5 35. Rf2 Qg4 36. Re1 Kh7 37. h3 Qg5 38. Rxe4 fxe4 39. Qxe4+ Qg6 40. Qxa8 Rxc3 41. Rf8 Qb6+ 42. Kh1 Rc1+ 43. Kh2 Qd6+ 44. g3 Rc2+ 45. Kh1 Qe6 46. Rh8+ Kg6 47. Qe8+ Qxe8 48. Rxe8 d2 49. Rd8 Rc1+ 50. Kg2 d1=Q 51. Rxd1 Rxd1 52. Nxc4 Rd4 53. Ne5+ Kf6 54. Nc6 Rc4 55. Na5 Rxb4 56. Nc6 Rc4 57. Na5 Rc3 58. Nb7 Ke5 59. Nd8 Kd6 60. Nb7+ Kc7 0-1

[Event "9th RTU Rapid 2019"]
[Site "Riga"]
[Date "2019.08.04"]
[Round "2.16"]
[White "Nesteretz, Anatoliy"]
[Black "Vidruska, Renate"]
[Result "1-0"]
[WhiteElo "2317"]
[BlackElo "2057"]
[PlyCount "23"]
[EventDate "2019.08.05"]
[EventType "swiss"]
[EventCountry "LAT"]
[TimeControl "5400+30"]
[WhiteClock "0:02:23"]
[BlackClock "0:07:32"]

1. e4 e5 2. Nf3 Nf6 3. Nc3 Nc6 4. a3 d5 5. Bb5 dxe4 6. Nxe5 Qd6 7. d4 exd3 8. O-O Be6 9. Bf4 Qc5 10. Qf3 Nd5 11. Nxd3 Qd4 12. Be5 1-0

[Event "9th RTU Rapid 2019"]
[Site "Riga"]
[Date "2019.08.04"]
[Round "2.17"]
[White "Babrauskas, Darius"]
[Black "Miedema, David"]
[Result "0-1"]
[WhiteElo "1988"]
[BlackElo "2313"]
[PlyCount "74"]
[EventDate "2019.08.05"]
[EventType "swiss"]
[EventCountry "LAT"]
[TimeControl "5400+30"]
[WhiteClock "0:08:12"]
[BlackClock "0:00:45"]

1. e4 e6 2. d4 d5 3. Nc3 Bb4 4. e5 Ne7 5. a3 Bxc3+ 6. bxc3 c5 7. Qg4 Qc7 8. Qxg7 Rg8 9. Qxh7 cxd4 10. Ne2 dxc3 11. f4 Nbc6 12. Qd3 Bd7 13. Rg1 Qb6 14. g4 Rh8 15. h3 d4 16. Bg2 O-O-O 17. Ng3 Na5 18. a4 Bc6 19. Ne4 Nd5 20. Kf1 Nb4 21. Qe2 Bd5 22. Kf2 d3+ 23. Qe3 d2 24. Qxb6 axb6 25. Nd6+ Rxd6 26. exd6 Bxg2 27. Kxg2 Nxc2 28. Rb1 Ne3+ 29. Kg3 Nac4 30. Rb4 Kd7 31. h4 Kxd6 32. h5 Kc5 33. Rb3 Kd4 34. Kf3 dxc1=Q 35. Rxc1 Nd2+ 36. Ke2 Nxb3 37. Rb1 c2 0-1